 Dungeon Crawl Stone Soup version 0.31-a0-1540-g5a0b83f448 (webtiles) character file.

Game seed: 8520240096583346426

29019 AlmostDecent the Basher (level 13, 0/96 HPs)
             Began as a Demonspawn Berserker on Jan 2, 2024.
             Was a High Priest of Trog.
             Slain by a yak (13 damage)
             ... summoned by an orange crystal statue
             ... in a Gauntlet.
             The game lasted 00:48:43 (11125 turns).

AlmostDecent the Basher (Demonspawn Berserker)     Turns: 11125, Time: 00:48:44

Health: 0/96       AC:  2    Str: 23    XL:     13   Next: 12%
Magic:  11/13      EV: 10    Int:  7    God:    Trog [*****.]
Gold:   802        SH:  0    Dex: 13    Spells: 12/12 levels left

rFire   . . .        y - +6 shillelagh "Devastator" {shatter}
rCold   . . .        u - +0 buckler
rNeg    + . .        H - +1 chain mail {rPois}
rPois   +            q - +2 helmet {SInv}
rElec   .            h - +2 cloak {rCorr}
rCorr   +            f - +0 pair of gloves
SInv    +            b - +0 pair of boots
Will    .....        s - amulet of reflection Stlth
                     j - ring of positive energy
HPRegen 0.36/turn    m - ring of poison resistance
MPRegen 0.13/turn

%: no teleportation, reflection
@: confused, corroded, sanguine armoured, on berserk cooldown, slowed, studying
2 skills, very slow
A: ignite blood 1, powered by death 2, sanguine armour 2, demonic touch 2
a: Renounce Religion, Berserk, Trog's Hand, Brothers in Arms


You were in a Gauntlet.
You worshipped Trog.
Trog was extremely pleased with you.
You visited 1 branch of the dungeon, and saw 12 of its levels.
You also visited: Sewer, Ossuary, Bailey and Gauntlet.

You collected 1276 gold pieces.
You spent 474 gold pieces at shops.

Inventory:

Hand Weapons
 p - the +11 battleaxe of the Big Fish {heavy, rPois Will+}
   (Trog gifted it to you in an ossuary)

   rPois:     It protects you from poison Will+: It increases your willpower.
 x - a +0 war axe of electrocution
 y - the +6 shillelagh "Devastator" (weapon) {shatter}
   (You found it on level 4 of the Dungeon)
 K - a +0 heavy broad axe
Armour
 b - a +0 pair of boots (worn)
 f - a +0 pair of gloves (worn)
 h - a +2 cloak of preservation (worn)
 q - a +2 helmet of see invisible (worn)
 u - a +0 buckler (worn)
 w - the +1 robe "Noisuv" {Fly rF+ rC+ Slay+3}
   (You found it on level 4 of the Dungeon)

   Slay+3:    It affects your accuracy & damage with ranged weapons and melee
   (+3).
   rF+:       It protects you from fire.
   rC+:       It protects you from cold.
   Fly:       It grants you flight.
 H - a +1 chain mail of poison resistance (worn)
 P - the +1 pair of boots of Qazlal {rN+ Str+3}
   (You found it in a Gauntlet)

   Str+3:     It affects your strength (+3).
   rN+:       It protects you from negative energy.
Jewellery
 j - a ring of positive energy (left hand)
 m - a ring of poison resistance (right hand)
 s - an amulet of reflection (around neck)
 C - a +6 ring of intelligence
 N - a ring of flight
Talismans
 n - a serpent talisman
Wands
 L - a wand of flame (14)
 M - a wand of charming (2)
Scrolls
 e - a scroll of torment {unknown}
 g - 7 scrolls of teleportation
 i - 2 scrolls of immolation
 A - a scroll of fog {unknown}
 B - a scroll of blinking
 D - 8 scrolls of enchant weapon
 E - 3 scrolls of identify
 I - a scroll of summoning
 J - 2 scrolls of enchant armour
 O - a scroll of fear {unknown}
Potions
 a - 3 potions of enlightenment
 c - 3 potions of might
 d - 2 potions of haste {unknown}
 k - 3 potions of invisibility {unknown}
 l - 2 potions of heal wounds
 o - 5 potions of curing
 r - 3 potions of berserk rage
 t - a potion of cancellation {unknown}
 v - 2 potions of degeneration {unknown}
 z - a potion of ambrosia {unknown}
 F - 3 potions of magic {unknown}
 G - 2 potions of mutation {unknown}


   Skills:
 + Level 7.3 Fighting
 * Level 10.6(13.3) Axes
 * Level 13.0(14.4) Maces & Flails
 + Level 8.0 Armour
 + Level 5.0 Dodging
 + Level 1.7 Stealth
 + Level 6.6 Shields


You had 12 spell levels left.
You didn't know any spells.
Your spell library was empty.

Dungeon Overview and Level Annotations

Branches:
Dungeon (12/15)            Temple (0/1) D:6            Lair (0/5) D:10
    Orc (0/2) D:12          Sewer (visited)         Ossuary (visited)
 Bailey (visited)         Gauntlet (1/1)

Altars:
Gozag
Kikubaaqudgha
Makhleb
Nemelex Xobeh
Okawaru
Ru
Vehumet
Wu Jian

Shops:
D:2 !   D:3 [   D:5 ?   D:7 [!*

Annotations:
Gauntlet 3 runed translucent doors, 9 transporters, exclusion: orange crystal statue


Innate Abilities, Weirdness & Mutations

Your demonic aura sometimes causes spilled blood to erupt in flames.
You regenerate health from kills.
When seriously injured, your blood forms thick armour. (AC +9)
Your touch may inflict irresistible damage on your foes.


Message History

You kill the golden eye!
The golden eye dissolves into shadows!
The golden eye is heavily wounded.
You kill the golden eye!
The golden eye dissolves into shadows!
The golden eye is lightly wounded.
You bump into the stone wall.
The golden eye blinks at you.
You are more confused.
You're too confused to move!
You feel a strong urge to attack something.
Your blood armour dries and flakes away.
You bump into the translucent stone wall.
You are no longer berserk.
You are exhausted.
You feel yourself slow down.
The golden eye blinks!
The golden eye blinks at you.
You are more confused.
The golden eye blinks!
The orange crystal statue glitters.
The golden eye blinks at you.
You are more confused.
You completely miss the yak.
The yak bellows! x2
The golden eye blinks at you. You resist with almost no effort.
You miss the golden eye.
The golden eye is lightly wounded.
The golden eye blinks!
The yak gores you!
Your blood congeals into armour.
The golden eye blinks at you. You resist with almost no effort.
You bump into the crystal wall.
The yak gores you! The yak gores you. The yak gores you! x2
* * * LOW HITPOINT WARNING * * *
The golden eye blinks at you.
You are more confused.
The yak barely misses you. The yak gores you!
* * * LOW HITPOINT WARNING * * *
The yak gores you!
You die...

#############
#≈#≈#≈#≈#≈#≈###
##...........#§###
#§.§..........§#§#
##..#########..§.### ##
#§§.#.......#.....≈# #≈
##§.#Y#Y#.⌠.####..## ##
#§..#○@YGP..#..#..≈# #≈
##§.#Y#G©.8.#©.#..## ##
#§§.#[.PYP..#..#..≈###≈
##§.#.#.#.8.#..#..##≈## ###
#≈..#8......#..#.......
...###..#########..#.......
#..##..........#..########
##...#..#########..#.......
.....#..###..##Z#..#.#.....


You could see an orange crystal statue, 5 yaks and 2 golden eyes.

Vanquished Creatures
  A fire giant (D:11)
  Nessos (D:12)
  2 ettins (D:11)
  2 hydras
  The ghost of soberseth the Frost Mage, a journeyman BaIE of Cheibriados (D:9)
  An ogre mage (D:11)
  A two-headed ogre (D:11)
  A centaur warrior (D:11)
  A boulder beetle (D:11)
  3 orc knights (Bailey)
  Pikel (D:9)
  14 cyclopes (D:11)
  An unseen horror (D:10)
  A komodo dragon (D:10)
  A kobold demonologist (D:10)
  2 trolls
  Prince Ribbit (D:5)
  Grinder (D:4)
  A centaur simulacrum (D:12)
  2 shadows
  A vampire (D:6)
  28 yaks
  A wyvern (shapeshifter) (D:12)
  A fire elemental (D:11)
  A neqoxec (Gauntlet)
  3 wraiths
  3 steam dragons
  3 wargs (D:11)
  A basilisk (D:12)
  A chaos spawn (Gauntlet)
  Edmund (D:6)
  A black bear (D:7)
  16 orc warriors
  An ice beast (D:3)
  2 sky beasts
  3 meliai simulacra (Gauntlet)
  10 ogres
  2 wolves (D:11)
  The ghost of ChongLi the Apothecary, an amateur NaAl (D:4)
  A crocodile (Sewer)
  4 centaurs
  4 lemures (D:9)
  A phantom (D:6)
  2 kobold brigands
  Blork the orc (D:4)
  An elf zombie (Ossuary)
  6 bullfrogs
  A brain worm (Sewer)
  A gnoll sergeant (D:10)
  A scorpion (D:5)
  7 wights
  5 killer bees (D:11)
  6 howler monkeys
  3 centaur zombies (Ossuary)
  A human zombie (Ossuary)
  A wyvern simulacrum (Gauntlet)
  10 orc priests
  A bombardier beetle (D:5)
  A hound (D:5)
  2 jellies (D:6)
  10 orc wizards
  Natasha (thrice) (D:4)
  An iguana (D:4)
  6 hound zombies (Ossuary)
  2 mummies (Ossuary)
  3 adders
  3 gnolls (D:3)
  A river rat (D:5)
  A shadow imp (D:5)
  A white imp (D:8)
  4 adder zombies (Ossuary)
  A ribbon worm (D:5)
  62 orcs
  11 bats
  11 endoplasms
  6 giant cockroaches
  9 gnoll zombies (Ossuary)
  7 goblins
  3 hobgoblins
  7 jackals
  7 quokkas
  6 ball pythons
  5 frilled lizards
  2 jackal zombies (Ossuary)
  12 kobolds
  7 kobold zombies (Ossuary)
  4 orc zombies (Ossuary)
  4 rats
378 creatures vanquished.

Vanquished Creatures (collateral kills)
  An ugly thing (D:12)
1 creature vanquished.

Vanquished Creatures (others)
  A kobold brigand (D:9)
1 creature vanquished.

Grand Total: 380 creatures vanquished

Notes
Turn   | Place    | Note
-------+----------+-------------------------------------------
     0 | D:1      | AlmostDecent the Demonspawn Berserker began the quest for
                  | the Orb.
     0 | D:1      | Reached XP level 1. HP: 18/18 MP: 1/1
   161 | D:1      | Gained mutation: When seriously injured, your blood forms
                  | armour. (AC +9) [demonic ancestry]
   161 | D:1      | Reached XP level 2. HP: 24/24 MP: 2/2
   640 | D:1      | Reached XP level 3. HP: 26/29 MP: 3/3
   889 | D:2      | Found Ratople's Distillery.
   892 | D:2      | Bought a potion of heal wounds for 55 gold pieces
   996 | D:2      | Reached ** piety under Trog
  1127 | D:2      | Bought a potion of curing for 33 gold pieces
  1414 | D:3      | Reached XP level 4. HP: 37/37 MP: 4/4
  1632 | D:3      | Found Udwaybbe's Armour Shoppe.
  1682 | D:3      | Noticed an ice beast
  1697 | D:3      | Killed an ice beast
  1698 | D:3      | Gained mutation: You regenerate a little health from kills.
                  | [demonic ancestry]
  1698 | D:3      | Reached XP level 5. HP: 42/42 MP: 5/5
  1747 | D:3      | Found an ancient bone altar of Kikubaaqudgha.
  2314 | D:4      | Noticed Natasha
  2323 | D:4      | Killed Natasha
  2345 | D:4      | Identified the +1 robe "Noisuv" {Fly rF+ rC+ Slay+3}
  2355 | D:4      | Noticed Blork the orc
  2362 | D:4      | Killed Blork the orc
  2363 | D:4      | Reached skill level 5 in Axes
  2363 | D:4      | Gained mutation: When seriously injured, your blood forms
                  | thick armour. (AC +9) [demonic ancestry]
  2363 | D:4      | Reached XP level 6. HP: 48/48 MP: 6/6
  2423 | D:4      | Noticed Natasha
  2431 | D:4      | Killed Natasha
  2439 | D:4      | Noticed Natasha
  2445 | D:4      | Killed Natasha
  2518 | D:4      | Found a runed translucent door.
  2523 | D:4      | Reached skill level 1 in Shields
  2575 | D:4      | Noticed ChongLi's ghost (amateur NaAl)
  2628 | D:4      | Found the +6 shillelagh "Devastator" {shatter}
  2644 | D:4      | Gained mutation: You regenerate health from kills. [demonic
                  | ancestry]
  2644 | D:4      | Reached XP level 7. HP: 54/54 MP: 7/7
  2731 | D:4      | Noticed Grinder
  2731 | D:4      | Paralysed by Grinder for 2 turns
  2736 | D:4      | Killed Grinder
  3133 | D:4      | Killed ChongLi's ghost
  3134 | D:4      | Reached XP level 8. HP: 61/61 MP: 8/8
  3158 | D:5      | Entered Level 5 of the Dungeon
  3162 | D:5      | Reached skill level 1 in Maces & Flails
  3209 | D:5      | Found Maukhlal's Magic Scroll Emporium.
  3216 | D:5      | Noticed Prince Ribbit
  3220 | D:5      | Killed Prince Ribbit
  3223 | D:5      | Bought a scroll of blinking for 75 gold pieces
  3371 | D:5      | Reached *** piety under Trog
  3398 | D:5      | Found a glowing drain.
  3408 | Sewer    | Entered a sewer
  4007 | D:5      | Found a sacrificial altar of Ru.
  4010 | D:5      | Reached skill level 2 in Maces & Flails
  4233 | D:6      | Noticed Edmund
  4250 | D:6      | Killed Edmund
  4251 | D:6      | Found a burning altar of Makhleb.
  4280 | D:6      | Found a staircase to the Ecumenical Temple.
  4332 | D:6      | Found an iron altar of Okawaru.
  4377 | D:6      | Reached skill level 3 in Maces & Flails
  4385 | D:6      | Reached XP level 9. HP: 67/67 MP: 9/9
  4389 | D:6      | Reached skill level 4 in Maces & Flails
  4474 | D:6      | Reached skill level 1 in Stealth
  5043 | D:7      | Reached skill level 5 in Maces & Flails
  5188 | D:7      | Reached skill level 5 in Fighting
  5229 | D:7      | Found Uqeis's Assorted Antiques.
  5319 | D:7      | Bought 2 scrolls of identify for 124 gold pieces
  5473 | D:7      | Found Dyotsiep's Antique Armour Emporium.
  5553 | D:7      | Found an ornate altar of the Wu Jian Council.
  5753 | D:7      | Reached **** piety under Trog
  5767 | D:7      | Found Ziggeph's Distillery.
  5957 | D:8      | Reached skill level 6 in Maces & Flails
  5978 | D:8      | Found a sand-covered staircase.
  5983 | Ossuary  | Entered an ossuary
  6080 | Ossuary  | Reached ***** piety under Trog
  6090 | Ossuary  | Identified the +11 battleaxe of the Big Fish {heavy, rPois
                  | Will+} (Trog gifted it to you in an ossuary)
  6090 | Ossuary  | Received a gift from Trog
  6194 | D:8      | Gained mutation: Your touch may inflict minor irresistible
                  | damage on your foes. [demonic ancestry]
  6194 | D:8      | Reached XP level 10. HP: 74/74 MP: 10/10
  6310 | D:8      | Reached skill level 7 in Maces & Flails
  6692 | D:7      | Bought a shiny chain mail for 187 gold pieces
  6759 | D:9      | Noticed Pikel
  6773 | D:9      | Killed Pikel
  7069 | D:9      | Found an opulent altar of Gozag.
  7114 | D:9      | Reached skill level 8 in Maces & Flails
  7125 | D:9      | Found a sparkling altar of Nemelex Xobeh.
  7196 | D:9      | Reached skill level 5 in Armour
  7310 | D:9      | Reached skill level 9 in Maces & Flails
  7364 | D:9      | Found a runed translucent gate.
  7365 | D:9      | Found a runed translucent gate.
  7366 | D:9      | Found a runed translucent gate.
  7372 | D:9      | Noticed soberseth's ghost (journeyman BaIE)
  7842 | D:9      | Gained mutation: Your touch may inflict irresistible damage
                  | on your foes. [demonic ancestry]
  7842 | D:9      | Reached XP level 11. HP: 62/81 MP: 11/11
  7858 | D:9      | Killed soberseth's ghost
  8023 | D:10     | Entered Level 10 of the Dungeon
  8042 | D:10     | Found a radiant altar of Vehumet.
  8127 | D:10     | Reached skill level 10 in Maces & Flails
  8128 | D:10     | Received a gift from Trog
  8226 | D:10     | Found a flagged portal.
  8234 | Bailey   | Entered a bailey
  8384 | Bailey   | Noticed an orc knight
  8399 | Bailey   | Noticed an orc knight
  8403 | Bailey   | Killed an orc knight
  8404 | Bailey   | Noticed an orc knight
  8424 | Bailey   | Killed an orc knight
  8429 | Bailey   | Killed an orc knight
  8475 | Bailey   | Acquired a manual of Dodging
  8524 | D:10     | Reached skill level 5 in Shields
  8569 | D:10     | Found a staircase to the Lair.
  8735 | D:10     | Noticed a sixfirhy
  8944 | D:11     | Noticed an ettin
  9026 | D:11     | Reached skill level 11 in Maces & Flails
  9111 | D:11     | Noticed a two-headed ogre
  9113 | D:11     | Noticed a boulder beetle
  9120 | D:11     | Killed a two-headed ogre
  9143 | D:11     | Killed a boulder beetle
  9144 | D:11     | Gained mutation: Your demonic aura sometimes causes spilled
                  | blood to erupt in flames. [demonic ancestry]
  9144 | D:11     | Reached XP level 12. HP: 80/89 MP: 12/12
  9275 | D:11     | Received a gift from Trog
  9495 | D:11     | Noticed an ettin
  9600 | D:11     | Noticed an ogre mage
  9607 | D:11     | Killed an ogre mage
  9609 | D:11     | Reached skill level 10 in Axes
  9673 | D:11     | Reached skill level 12 in Maces & Flails
  9723 | D:11     | Noticed an ettin
  9723 | D:11     | Noticed a fire giant
  9723 | D:11     | Noticed an ettin
  9734 | D:11     | Killed a fire giant
  9735 | D:11     | Killed an ettin
  9738 | D:11     | Killed an ettin
  9897 | D:11     | Identified the staff of Imminent Death {rPois Int-2 Dex+8
                  | Earth}
  9899 | D:11     | Identified the +1 whip "Beastbane" {freeze, rF+ rCorr
                  | Int+2}
  9912 | D:11     | Identified the +6 glaive of the Writhing Gods {heavy, rPois
                  | rN+ MP-9}
  9917 | D:11     | Identified the +0 glaive of Xofedoem {speed, Str+2 Int+4
                  | Dex-4}
 10425 | D:12     | Noticed a centaur warrior
 10425 | D:12     | Noticed a six-headed hydra
 10425 | D:12     | Noticed Nessos
 10428 | D:12     | Noticed an eight-headed hydra
 10437 | D:12     | Killed a six-headed hydra
 10509 | D:11     | Killed an eight-headed hydra
 10510 | D:11     | Reached XP level 13. HP: 42/96 MP: 13/13
 10688 | D:12     | Killed Nessos
 10723 | D:12     | Reached skill level 5 in Dodging
 10739 | D:12     | Found a gate leading to a gauntlet.
 10747 | Gauntlet | Entered a Gauntlet
 10747 | Gauntlet | Found a runed translucent gate.
 10747 | Gauntlet | Found a transporter.
 10747 | Gauntlet | Found a runed translucent gate.
 10747 | Gauntlet | Found a runed translucent gate.
 10747 | Gauntlet | Found a transporter.
 10762 | Gauntlet | Found a transporter.
 10781 | Gauntlet | Found a transporter.
 10781 | Gauntlet | Found a transporter.
 10786 | Gauntlet | Found a transporter.
 10787 | Gauntlet | Found a transporter.
 10787 | Gauntlet | Found a transporter.
 10804 | Gauntlet | Found a transporter.
 10804 | Gauntlet | Found the +1 cloak of Starlight {*Dazzle EV+4 Stlth--}
 10821 | Gauntlet | Found a transporter.
 10831 | Gauntlet | Found a transporter.
 10851 | Gauntlet | Found a transporter.
 10873 | Gauntlet | Found a transporter.
 10874 | Gauntlet | Found a runed translucent door.
 10893 | Gauntlet | Found a transporter.
 11047 | Gauntlet | Reached skill level 13 in Maces & Flails
 11073 | Gauntlet | Identified the +1 pair of boots of Qazlal {rN+ Str+3}
 11125 | Gauntlet | Slain by a yak

Illustrated notes

Levels and vault maps discovered:
D:1:      onia_arrival_pyramid, layout_basic
D:2:      layout_loops_ring, serial_shops, nicolae_shop_tiny_real_fake_doors
D:3:      layout_loops_ring, mainiacjoe_overflow_tiny_flanked, serial_shops,
          shop
D:4:      layout_basic, gammafunk_ghost_grave, dilly_guarded_unrand_devastator,
          uniq_grinder, uniq_blork_the_orc, uniq_natasha
D:5:      layout_basic, nicolae_ru_great_annihilating_truth, serial_shops,
          nicolae_shop_tiny_statue_garden, gup_sewer_entry_bubbles,
          uniq_prince_ribbit1
D:6:      layout_gridville, bloody_makhleb, kennysheep_okawaru_gauntlet,
          temple_statues, minmay_manual_maat, uniq_edmund
D:7:      layout_loops_corners, pdpol_wu_jian_five_deadly_venoms, serial_shops,
          shop, shop, shop
D:8:      layout_basic, enter_ossuary_2
D:9:      layout_stronghold, nicolae_gozag_cash_rules_everything_around_me,
          mainiacjoe_overflow_cross_hatched, lemuel_crystal_altar,
          biasface_ghost_orc_armoury, uniq_pikel
D:10:     minmay_s_stair_smasher, layout_cave_pools,
          mainiacjoe_overflow_alcove_2, enter_bailey_3
D:11:     giant_chief_lemuel, layout_basic, serial_curves, eino_curves_03,
          eino_curves_01
D:12:     minmay_ambush_box, layout_long_grid, erik_orc_4,
          gauntlet_entry_generic, uniq_lodul, uniq_nessos, uniq_rupert
Gauntlet: gammafunk_gauntlet_mixed_choke_point
          [minmay_gauntlet_arena_77_checkered,
          minmay_gauntlet_arena_77_run_for_it, minmay_gauntlet_arena_77_path,
          nicolae_gauntlet_arena_blocks, minmay_gauntlet_arena_77_museum,
          minmay_gauntlet_arena_77_mess, minmay_gauntlet_arena_77_squiggly,
          gauntlet_exit_green]

Skill      XL: |  1  2  3  4  5  6  7  8  9 10 11 12 13 |
---------------+----------------------------------------+-----
Armour         | 2 3 4 5 6 7 8 |  8.0
Axes           | 3 4 5 6 7 8 9 10 | 10.6
Dodging        | 2 3 4 5 |  5.0
Fighting       | 4 5 6 7 |  7.3
Shields        | 1 2 4 5 6 |  6.6
Maces & Flails | 3 6 9 11 12 13 | 13.0
Stealth        | 1 |  1.7

Action                     |  1- 3 |  4- 6 |  7- 9 | 10-12 | 13-15 || total
---------------------------+-------+-------+-------+-------+-------++-------
  Melee: Hand axe          |   118 |    88 |       |       |       ||   206
         Punch             |       |     1 |       |       |       ||     1
         War axe           |       |    23 |     5 |       |       ||    28
         Shillelagh        |       |       |   211 |   361 |    38 ||   610
 Invoke: Berserk           |     1 |     5 |     3 |     6 |     1 ||    16
         Trog's Hand       |     1 |       |       |     3 |       ||     4
         Brothers in Arms  |       |       |       |     2 |       ||     2
    Use: Potion            |       |     1 |       |     2 |     6 ||     9
         Scroll            |       |     3 |    10 |     1 |     1 ||    15
   Stab: Paralysed         |       |       |     1 |       |       ||     1
         Distracted        |       |       |     1 |     1 |       ||     2
 Armour: Animal skin       |    12 |       |       |       |       ||    12
         Leather armour    |    22 |       |       |       |       ||    22
         Chain mail        |    54 |    62 |   101 |   299 |    36 ||   552
  Dodge: Dodged            |    80 |    47 |    52 |   133 |    14 ||   326
  Block: Other             |       |     7 |       |       |       ||     7
         Reflection        |       |     1 |       |    10 |     1 ||    12
         Buckler           |       |    30 |    79 |   175 |     6 ||   290

Table legend: (Time is in decaauts)
 A = Elapsed time spent in this place.
 B = Non-inter-level travel time spent in this place.
 C = Inter-level travel time spent in this place.
 D = Time resting spent in this place.
 E = Time spent auto-exploring this place.
 F = Levels seen in this place.
 G = Mean time per level.
                   A        B        C        D        E       F      G
               +--------+--------+--------+--------+--------+-----+--------+
         Total |  11245 |  10601 |    644 |    339 |   7819 |  16 |  702.8 |
       Dungeon |  10297 |   9653 |    644 |    334 |   7632 |  12 |  858.1 |
         Sewer |    151 |    151 |      0 |      4 |     80 |   1 |  151.0 |
       Ossuary |    184 |    184 |      0 |      0 |    102 |   1 |  184.0 |
        Bailey |    245 |    245 |      0 |      0 |      4 |   1 |  245.0 |
      Gauntlet |    365 |    365 |      0 |      0 |      0 |   1 |  365.0 |
               +--------+--------+--------+--------+--------+-----+--------+

Top non-repeatable levels by time:
    D:11: 1797 daAuts
     D:9: 1256 daAuts
     D:4: 1076 daAuts
     D:7: 1057 daAuts
     D:5: 947 daAuts
     D:1: 778 daAuts
     D:3: 771 daAuts
     D:6: 699 daAuts
     D:2: 632 daAuts
    D:10: 596 daAuts
     D:8: 592 daAuts
Gauntlet: 365 daAuts
  Bailey: 245 daAuts
 Ossuary: 184 daAuts
   Sewer: 151 daAuts
